 Dungeon Sprint DCSS version 0.23.2-1-ga50397a6bc (webtiles) character file.

Game seed: 9020494002699644336

4752 Kobolds4U the Fighter (level 10, -6/107 HPs)
             Began as a Troll Monk on Apr 28, 2019.
             Was a Believer of Hepliaklqana.
             Mangled by a 15-headed hydra (16 damage)
             ... in the Dungeon (Sprint I: "Red Sonja").
             The game lasted 00:07:29 (965 turns).

Kobolds4U the Fighter (Troll Monk)                   Turns: 965, Time: 00:07:30

Health: -6/107     AC:  8    Str: 21    XL:     10   Next: 23%
Magic:  9/9        EV: 17    Int:  6    God:    Hepliaklqana [**....]
Gold:   551        SH:  0    Dex: 15    Spells: 9/9 levels left

rFire    . . .     SeeInvis .     - Unarmed
rCold    . . .     Gourm    +   (no shield)
rNeg     . . .     Faith    .   j - +2 robe {MR+}
rPois    .         Spirit   .   (helmet restricted)
rElec    .         Reflect  .   (no cloak)
rCorr    .         Harm     .   (gloves unavailable)
MR       +....     NoTele   +   (boots unavailable)
Stlth    ++........             (no amulet)
HPRegen  0.67/turn              (no ring)
MPRegen  0.11/turn              (no ring)

@: no status effects
A: large, unfitting armour, reduced essence, claws 3, fast metabolism 3,
gourmand, regeneration 1, shaggy fur 1, tough skin 3
a: Recall Ancestor, Ancestor Identity, Renounce Religion


You were in the Dungeon.
You worshipped Hepliaklqana.
Hepliaklqana was pleased with you.
You were completely stuffed.

You visited 1 branch You collected 551 gold pieces.

Inventory:

Missiles
 d - 3 javelins (quivered)
Armour
 j - a +2 robe of magic resistance (worn)
Scrolls
 h - a scroll of blinking
Potions
 c - 2 potions of curing
 e - a potion of haste
 f - 2 potions of magic
 g - a potion of berserk rage
Comestibles
 b - 2 rations
 i - 7 chunks of flesh


   Skills:
 * Level 13.5 Fighting
 + Level 11.3 Dodging
 - Level 1.0 Stealth
 - Level 12.8 Unarmed Combat


You had 9 spell levels left.
You didn't know any spells.
Your spell library was empty.

Dungeon Overview and Level Annotations

Branches:
Dungeon (1/1)

Altars:
Cheibriados
Dithmenos
Elyvilon
Fedhas
Gozag
Hepliaklqana
Kikubaaqudgha
Makhleb
Nemelex Xobeh
Okawaru
Qazlal
Ru
Sif Muna
Trog
Uskayaw
Vehumet
Wu Jian
Xom
Yredelemnul
Zin
The Shining One
Jiyva
Lugonu

Shops:
D =


Innate Abilities, Weirdness & Mutations

You are too large for most types of armour.
You have claws for hands.
Your metabolism is lightning-fast.
You like to eat raw meat.
Your natural rate of healing is unusually fast.
You are covered in fur. (AC +1)
You have extremely tough skin. (AC +3)
Your life essence is reduced to manifest your ancestor. (-10% HP)


Message History

The 14-headed hydra bites you. x2; The 14-headed hydra bites you!
The 14-headed hydra closely misses you.
The 14-headed hydra bites you but does no damage. x2
The 14-headed hydra closely misses you.
You claw one of the 14-headed hydra's heads off!
The 13-headed hydra grows two more!
You claw the 15-headed hydra! x2
The 15-headed hydra is severely wounded.
The 15-headed hydra bites you but does no damage.
The 15-headed hydra bites you! x2; The 15-headed hydra closely misses you.
The 15-headed hydra bites you! The 15-headed hydra bites you.
The 15-headed hydra bites you!
* * * LOW HITPOINT WARNING * * *
The 15-headed hydra bites you!
* * * LOW HITPOINT WARNING * * *
The 15-headed hydra closely misses you. The 15-headed hydra bites you!
* * * LOW HITPOINT WARNING * * *
The 15-headed hydra barely misses you.
The 15-headed hydra completely misses you.
The 15-headed hydra closely misses you. The 15-headed hydra bites you!
You die...

#####################
..#..#§§.÷§§§§§R@DG$#
..##§#§####§§§§§##$.+
..'§.#.# ##.§§## ##
###)§§§# ###+# #+####
°.^ #°..° ###^○○ ..○#


You could see the friendly Spanky the hexer, a 15-headed hydra and a floating
eye.

Vanquished Creatures
  A lindwurm (D)
  A gargoyle (D)
  2 kobold demonologists (D)
  4 demonic crawlers (D)
  A slime creature (D)
  Sigmund (D)
  A yak (D)
  13 hogs (D)
  A floating eye (D)
  An ogre (D)
  A jelly (D)
  Ijyb (D)
28 creatures vanquished.

Vanquished Creatures (others)
  A hexer (D)
1 creature vanquished.

Grand Total: 29 creatures vanquished

Notes
Turn   | Place    | Note
-------+----------+-------------------------------------------
     0 | D        | Kobolds4U the Troll Monk began the quest for the Orb.
     0 | D        | Reached XP level 1. HP: 22/22 MP: 0/0
     1 | D        | Noticed Ijyb
     9 | D        | Killed Ijyb
     9 | D        | Reached skill level 3 in Fighting
     9 | D        | Reached XP level 2. HP: 29/31 MP: 1/1
    14 | D        | Noticed an ogre
    19 | D        | Killed an ogre
    19 | D        | Reached skill level 4 in Fighting
    19 | D        | Reached XP level 3. HP: 18/40 MP: 2/2
    19 | D        | Reached XP level 4. HP: 22/49 MP: 3/3
    74 | D        | Noticed Sigmund
    81 | D        | Killed Sigmund
    81 | D        | Reached skill level 5 in Fighting
    81 | D        | Reached skill level 5 in Dodging
    81 | D        | Reached XP level 5. HP: 53/59 MP: 4/4
   107 | D        | Found an ornate altar of the Wu Jian Council.
   107 | D        | Found a deep blue altar of Sif Muna.
   109 | D        | Found a radiant altar of Vehumet.
   117 | D        | Reached XP level 6. HP: 62/67 MP: 5/5
   138 | D        | Found Aruck's Jewellery Emporium.
   138 | D        | Found an ancient bone altar of Kikubaaqudgha.
   138 | D        | Found a hazy altar of Hepliaklqana.
   138 | D        | Found a hide-covered altar of Uskayaw.
   138 | D        | Found a basalt altar of Yredelemnul.
   138 | D        | Found an opulent altar of Gozag.
   138 | D        | Found a snail-covered altar of Cheibriados.
   138 | D        | Found a sacrificial altar of Ru.
   138 | D        | Found a shadowy altar of Dithmenos.
   138 | D        | Noticed a yak
   139 | D        | Found a stormy altar of Qazlal.
   139 | D        | Found a blossoming altar of Fedhas.
   139 | D        | Found a bloodstained altar of Trog.
   139 | D        | Found an iron altar of Okawaru.
   139 | D        | Found a glowing golden altar of the Shining One.
   139 | D        | Found a glowing silver altar of Zin.
   139 | D        | Found a white marble altar of Elyvilon.
   144 | D        | Killed a yak
   144 | D        | Reached skill level 6 in Fighting
   144 | D        | Reached skill level 10 in Unarmed Combat
   145 | D        | Found a sparkling altar of Nemelex Xobeh.
   164 | D        | Became a worshipper of Hepliaklqana the Forgotten
   164 | D        | Reached * piety under Hepliaklqana
   164 | D        | Reached ** piety under Hepliaklqana
   166 | D        | Remembered your ancestor Spanky as a hexer
   175 | D        | Found a viscous altar of Jiyva.
   175 | D        | Found a corrupted altar of Lugonu.
   175 | D        | Noticed a slime creature
   176 | D        | Found a burning altar of Makhleb.
   176 | D        | Found a shimmering altar of Xom.
   184 | D        | Killed a slime creature
   184 | D        | Reached skill level 7 in Fighting
   184 | D        | Reached XP level 7. HP: 24/70 MP: 6/6
   270 | D        | Noticed a kobold demonologist
   270 | D        | Noticed a kobold demonologist
   273 | D        | Noticed an ice devil
   273 | D        | Paralysed by a floating eye for 4 turns
   274 | D        | Noticed an orange demon
   276 | D        | Noticed a soul eater
   279 | D        | Killed a kobold demonologist
   284 | D        | Paralysed by a floating eye for 2 turns
   292 | D        | Killed a kobold demonologist
   292 | D        | Reached XP level 8. HP: 24/79 MP: 7/7
   293 | D        | Reached skill level 8 in Fighting
   456 | D        | Noticed a demonic crawler
   456 | D        | Noticed a demonic crawler
   456 | D        | Noticed a demonic crawler
   456 | D        | Noticed a demonic crawler
   460 | D        | Killed a demonic crawler
   476 | D        | HP: 3/81 [demonic crawler (5)]
   478 | D        | Killed a demonic crawler
   478 | D        | Reached skill level 9 in Fighting
   613 | D        | Killed a demonic crawler
   613 | D        | Reached skill level 10 in Fighting
   619 | D        | Killed a demonic crawler
   619 | D        | Reached XP level 9. HP: 46/91 MP: 8/8
   689 | D        | Noticed a gargoyle
   702 | D        | Killed a gargoyle
   702 | D        | Reached skill level 11 in Fighting
   742 | D        | Noticed a lindwurm
   748 | D        | Killed a lindwurm
   748 | D        | Reached skill level 10 in Dodging
   765 | D        | Reached skill level 12 in Fighting
   789 | D        | Reached XP level 10. HP: 21/106 MP: 9/9
   802 | D        | Reached skill level 13 in Fighting
   962 | D        | Noticed a 12-headed hydra
   965 | D        | Mangled by a 15-headed hydra

Skill      XL: |  1  2  3  4  5  6  7  8  9 10 |
---------------+-------------------------------+-----
Fighting       | 3 4 5 7 10 12 13 | 13.5
Dodging        | 3 4 5 7 9 10 11 | 11.3
Unarmed Combat | 4 7 9 11 12 | 12.8
Stealth        | |  1.0

Action                   |  1- 3 |  4- 6 |  7- 9 | 10-12 || total
-------------------------+-------+-------+-------+-------++-------
Melee: Unarmed           |    11 |    22 |    71 |    34 ||   138
       Punch             |       |     1 |     7 |     1 ||     9
Invok: Ancestor Life: He |       |     1 |       |       ||     1
       Ancestor Identity |       |     1 |       |       ||     1
  Use: Potion            |       |       |     1 |     1 ||     2
 Stab: Sleeping          |       |     2 |     1 |       ||     3
  Eat: Chunk             |       |     6 |     3 |     5 ||    14
Armor: Robe              |       |     4 |    29 |     8 ||    41
Dodge: Dodged            |     3 |     5 |    78 |    37 ||   123
